 Dungeon Crawl Stone Soup version 0.23.0 (webtiles) character file.

Game seed: 13878334166411901493

23066 Kairos the Carver (level 13, -10/69 HPs)
             Began as a Vine Stalker Fighter on Feb 12, 2019.
             Was a High Priest of Okawaru.
             Killed from afar by an efreet (22 damage)
             ... with a bolt of fire
             ... in a volcano.
             The game lasted 00:32:22 (11536 turns).

Kairos the Carver (Vine Stalker Fighter)           Turns: 11536, Time: 00:32:23

Health: -10/69     AC: 19    Str: 21 (22) XL:     13   Next: 4%
Magic:  0/24       EV: 17    Int:  9 (11) God:    Okawaru [*****.]
Gold:   924        SH: 16    Dex: 18      Spells: 12/12 levels left

rFire    . . .     SeeInvis .   Q - +2 long sword (slice)
rCold    + + .     Gourm    .   S - +2 shield {AC+3}
rNeg     . . .     Faith    .   X - +1 scale mail "Etoebuasku" {rPois rC++ MR+ Dex-3}
rPois    +         Spirit   +   Z - +1 hat {Int+3}
rElec    .         Reflect  .   (no cloak)
rCorr    .         Harm     .   s - +0 pair of gloves
MR       ++...                  q - +2 pair of boots
Stlth    +++.......             W - amulet of rage
HPRegen  1.01/turn              i - ring of magical power
MPRegen  0.19/turn              N - +5 ring of dexterity

@: heroism
A: fangs 3, regeneration 2, magic shield, antimagic bite, no potion heal 3, rot
immunity
a: Heroism, Finesse, Renounce Religion, Evoke Berserk Rage


You were in a volcano.
You worshipped Okawaru.
Okawaru was extremely pleased with you.
You were not hungry.

You visited 2 branches of the dungeon, and saw 12 of its levels.
You also visited: Sewer, Ossuary and Volcano.

You collected 1024 gold pieces.
You spent 100 gold pieces at shops.

Inventory:

Hand Weapons
 a - a +3 long sword
 b - a +2 scimitar of holy wrath
 h - a +1 short sword of draining
 F - a -1 demon trident
 H - a +0 hand crossbow
 P - a +6 falchion
 Q - a +2 long sword of slicing (weapon)
 V - a +5 short sword of freezing
Missiles
 p - 122 bolts
Armour
 j - a +3 ring mail of poison resistance
 q - a +2 pair of boots (worn)
 s - a +0 pair of gloves (worn)
 v - +0 fire dragon scales
 A - a +0 helmet
 S - a +2 shield of protection (worn)
 X - the +1 scale mail "Etoebuasku" (worn) {rPois rC++ MR+ Dex-3}
   (You found it on level 8 of the Dungeon)

   It affects your dexterity (-3).
   It greatly protects you from cold.
   It protects you from poison.
   It affects your resistance to hostile enchantments.
 Z - a +1 hat of intelligence (worn)
Jewellery
 i - a ring of magical power (left hand)
 k - an uncursed ring of protection from cold
 N - a +5 ring of dexterity (right hand)
 W - an amulet of rage (around neck)
Wands
 y - a wand of enslavement (21)
 G - a wand of random effects (36)
 T - a wand of flame (10)
Scrolls
 e - 3 scrolls of fog
 m - 2 scrolls of magic mapping
 o - 4 scrolls of fear
 u - 8 scrolls of remove curse
 x - 9 scrolls of teleportation
 C - 2 scrolls of amnesia
 D - a scroll of enchant armour
 E - 2 scrolls of blinking
 L - a scroll of summoning
 O - a scroll of silence {unknown}
 Y - 3 scrolls of identify
Potions
 d - 5 potions of might
 g - 2 potions of haste
 l - 7 potions of curing
 n - 2 potions of brilliance
 r - 4 potions of flight {unknown}
 t - 5 potions of degeneration
 w - 5 potions of berserk rage {unknown}
 z - a potion of resistance {unknown}
 B - 6 potions of heal wounds {unknown}
 I - 4 potions of lignification {unknown}
 J - a potion of mutation {unknown}
 K - 3 potions of magic {unknown}
 M - a potion of agility {unknown}
 R - 3 potions of cancellation {unknown}
 U - a potion of experience {unknown}
Comestibles
 c - 2 chunks of flesh
 f - 23 rations


   Skills:
 + Level 8.5(13.5) Fighting
 + Level 12.1(17.1) Long Blades
 + Level 1.5(6.5) Polearms
 + Level 2.0(7.0) Crossbows
 + Level 7.2(12.2) Armour
 + Level 5.0(10.0) Dodging
 + Level 3.3(8.3) Stealth
 + Level 9.1(14.1) Shields
 + Level 1.1 Invocations
 + Level 1.3 Evocations


You had 12 spell levels left.
You didn't know any spells.
Your spell library contained the following spells:

 Spells                   Type           Power        Failure   Level  Hunger
 Animate Skeleton         Necr           N/A          69%         1    ##.....
 Apportation              Tloc           #.....       69%         1    ##.....
 Confusing Touch          Hex            #.....       69%         1    ##.....
 Magic Dart               Conj           #...         69%         1    ##.....
 Summon Small Mammal      Summ           #...         69%         1    ##.....
 Blink                    Tloc           N/A          83%         2    ###....
 Call Imp                 Summ           #.......     83%         2    ###....
 Poisonous Vapours        Pois/Air       #.....       83%         2    ###....
 Slow                     Hex            #.......     83%         2    ###....
 Conjure Flame            Conj/Fire      #.......     96%         3    ####...
 Mephitic Cloud           Conj/Pois/Air  #.......     96%         3    ####...
 Freezing Cloud           Conj/Ice/Air   #.........   100%        6    #######
 Ring of Flames           Chrm/Fire      #.........   100%        7    #######


Dungeon Overview and Level Annotations

Branches:
Dungeon (8/15)             Temple (0/1) D:6            Lair (4/6) D:8
 Shoals (0/4) Lair:2       Spider (0/4) Lair:3

Altars:
Dithmenos
Elyvilon
Fedhas
Gozag
Hepliaklqana
Nemelex Xobeh
Okawaru
Ru
Trog
Vehumet
Zin

Shops:
D:4 }   D:6 *


Innate Abilities, Weirdness & Mutations

You have razor-sharp teeth.
You heal very quickly.
When hurt, damage is shared between your health and your magic reserves.
Your bite disrupts and absorbs the magic of your enemies.
Potions cannot restore your health.
You are immune to rotting.


Message History

The earth elemental is almost destroyed.
You gain the combat prowess of a mighty hero.
You completely miss the earth elemental.
The earth elemental is almost destroyed.
You block the earth elemental's attack.
You slash the earth elemental!
You destroy the earth elemental!
Okawaru accepts your kill.
You fail to use your ability.
The efreet barely misses you.
You fail to use your ability.
You hit the efreet but do no damage. You bite the efreet, but do no damage.
The efreet gestures at you.
The fireball explodes!
The fireball engulfs you!!
* * * LOW HITPOINT WARNING * * *
The fireball engulfs the efreet.
The efreet completely resists.
You slash the efreet!
The efreet is moderately wounded.
The efreet gestures at you. The bolt of fire hits you!!
You die... #$≈§ ##..$ [)$$

!)∩ #.. #.R # #○##
#.#####R# #...#.@.#
.........#
#.#....≈≈≈≈≈§§§§.##
##.....≈§≈§≈≈§§.§§.##
#....≈≈§≈≈≈≈≈≈§§§§..###
##....≈§≈§≈≈≈§§≈≈.....#
#....≈≈§≈§≈§≈≈≈≈≈≈...##
##.....≈≈§≈§§§≈≈≈≈....####
#......§≈§§§≈≈§......(.).##


You could see an efreet.

Vanquished Creatures
  Rupert (Lair:3)
  Gastronok (Lair:3)
  A stone giant (Volcano)
  2 hydras
  3 death yaks (D:8)
  A wolf spider (Lair:3)
  2 merfolk sirens (Lair:2)
  5 elephants (Lair:3)
  2 gargoyles (Volcano)
  3 spiny frogs
  A rime drake (Lair:2)
  A merfolk (Lair:2)
  7 blink frogs
  A hippogriff (Lair:4)
  Sigmund (D:6)
  2 wyverns (Lair:3)
  17 yaks
  A basilisk (Lair:2)
  A fire elemental (Volcano)
  Menkaure (D:5)
  6 water moccasins
  2 porcupines
  A necrophage (D:6)
  3 orc warriors
  A phantom (D:4)
  5 ogres
  The ghost of p0werm0de the Skirmisher, an amateur BaCK of Xom (D:3)
  3 wolves (Lair:1)
  A centaur (D:6)
  5 crocodiles
  3 big kobolds
  7 bullfrogs
  An earth elemental (Volcano)
  A wyvern skeleton (D:7)
  4 scorpions
  6 killer bees (D:6)
  A jelly (D:7)
  16 wights
  A howler monkey (D:4)
  An electric eel (Lair:2)
  2 crimson imps
  A bullfrog zombie (D:7)
  5 orc priests
  A gnoll shaman (D:4)
  2 hounds
  A bullfrog skeleton (D:6)
  A centaur skeleton (D:6)
  2 iguanas
  Ijyb (D:4)
  7 orc wizards
  7 worker ants
  2 big kobold zombies (Ossuary)
  A hound skeleton (D:5)
  8 mummies (Ossuary)
  8 gnolls
  5 river rats
  15 adders
  A shadow imp (D:4)
  An ooze (D:4)
  An adder zombie (D:5)
  An adder skeleton (D:4)
  A worm (D:2)
  3 dart slugs
  2 leopard geckos
  29 orcs
  7 bats
  7 giant cockroaches
  8 hobgoblins
  5 jackals
  6 quokkas
  7 ball pythons (Sewer)
  7 frilled lizards
  A giant cockroach zombie (D:6)
  3 gnoll zombies (Ossuary)
  11 goblins
  A jackal skeleton (D:4)
  25 kobolds
  2 kobold zombies (Ossuary)
  An orc zombie (Ossuary)
  31 rats
353 creatures vanquished.

Vanquished Creatures (others)
  3 fungi
  3 plants
6 creatures vanquished.

Grand Total: 359 creatures vanquished

Notes
Turn   | Place    | Note
-------+----------+-------------------------------------------
     0 | D:1      | Kairos the Vine Stalker Fighter began the quest for the
                  | Orb.
     0 | D:1      | Reached XP level 1. HP: 11/11 MP: 2/2
   181 | D:1      | Reached XP level 2. HP: 12/16 MP: 1/3
   523 | D:1      | Reached skill level 2 in Long Blades
   733 | D:2      | Found a white marble altar of Elyvilon.
   820 | D:2      | Reached XP level 3. HP: 20/20 MP: 4/4
  1088 | D:2      | Gained mutation: Your natural rate of healing is unusually
                  | fast. [Vine Stalker growth]
  1088 | D:2      | Reached XP level 4. HP: 24/24 MP: 5/5
  1118 | D:2      | Found a bloodstained altar of Trog.
  1300 | D:2      | Reached skill level 3 in Long Blades
  1591 | D:3      | Reached XP level 5. HP: 24/28 MP: 6/6
  1605 | D:3      | Noticed an ogre
  1606 | D:3      | Found a transporter.
  1669 | D:3      | Found a glowing drain.
  1691 | Sewer    | Entered a sewer
  1819 | Sewer    | Got a wizard robe
  1976 | Sewer    | Reached skill level 1 in Dodging
  1996 | Sewer    | Noticed a big kobold
  2005 | Sewer    | Killed a big kobold
  2005 | Sewer    | Reached XP level 6. HP: 26/32 MP: 7/7
  2076 | Sewer    | Reached skill level 4 in Long Blades
  2339 | Sewer    | Identified the +2 robe of the Foremost Tables {Dex+4} (You
                  | found it in a sewer)
  2406 | D:3      | Found a sacrificial altar of Ru.
  2506 | D:3      | Noticed p0werm0de's ghost (amateur BaCK)
  2826 | D:3      | Reached XP level 7. HP: 35/36 MP: 8/8
  3037 | D:3      | Found a transporter.
  3234 | D:3      | Killed p0werm0de's ghost
  3351 | D:4      | Reached skill level 5 in Long Blades
  3683 | D:4      | Found Ykkirphya's Gadget Shop.
  3760 | D:4      | Gained mutation: You have razor-sharp teeth. [Vine Stalker
                  | growth]
  3760 | D:4      | Reached XP level 8. HP: 42/42 MP: 9/9
  3968 | D:4      | Found a sparkling altar of Nemelex Xobeh.
  3969 | D:4      | Found an opulent altar of Gozag.
  4075 | D:5      | Entered Level 5 of the Dungeon
  4079 | D:5      | Noticed Ijyb
  4105 | D:4      | Killed Ijyb
  4127 | D:5      | Noticed Menkaure
  4135 | D:5      | Killed Menkaure
  4135 | D:5      | Reached skill level 6 in Long Blades
  4191 | D:5      | Found a sand-covered staircase.
  4201 | Ossuary  | Entered an ossuary
  5236 | D:6      | Reached skill level 7 in Long Blades
  5236 | D:6      | Reached XP level 9. HP: 40/46 MP: 10/10
  5335 | D:6      | Found an iron altar of Okawaru.
  5350 | D:6      | Became a worshipper of Warmaster Okawaru
  5399 | D:6      | Found a shadowy altar of Dithmenos.
  5423 | D:6      | Found a staircase to the Ecumenical Temple.
  5478 | D:6      | Found a glowing silver altar of Zin.
  5564 | D:6      | Found Gaeh's Lightly-Used Armoury.
  5619 | D:6      | Reached skill level 5 in Fighting
  5634 | D:6      | Reached skill level 5 in Shields
  5698 | D:6      | Reached * piety under Okawaru
  5892 | D:6      | Found a blossoming altar of Fedhas.
  5901 | D:6      | Noticed Sigmund
  5910 | D:6      | Killed Sigmund
  5910 | D:6      | Reached skill level 8 in Long Blades
  5910 | D:6      | Reached skill level 1 in Stealth
  6165 | D:7      | Reached ** piety under Okawaru
  6197 | D:7      | Found a radiant altar of Vehumet.
  6289 | D:7      | Reached XP level 10. HP: 51/51 MP: 11/11
  6316 | D:7      | Reached skill level 5 in Armour
  6987 | D:8      | Noticed a death yak
  6989 | D:8      | Found a staircase to the Lair.
  7009 | D:8      | Killed a death yak
  7009 | D:8      | Reached *** piety under Okawaru
  7009 | D:8      | Reached skill level 9 in Long Blades
  7013 | D:8      | Noticed a death yak
  7014 | D:8      | Noticed a death yak
  7638 | D:8      | Got a smoking scale mail
  7654 | D:8      | Identified the +1 scale mail "Etoebuasku" {rPois rC++ MR+
                  | Dex-3} (You found it on level 8 of the Dungeon)
  7904 | D:8      | Killed a death yak
  7943 | D:8      | Killed a death yak
  8098 | Lair:1   | Entered Level 1 of the Lair of Beasts
  8108 | Lair:1   | Reached **** piety under Okawaru
  8108 | Lair:1   | Reached skill level 10 in Long Blades
  8150 | Lair:1   | Reached XP level 11. HP: 57/58 MP: 12/12
  8445 | Lair:1   | Reached ***** piety under Okawaru
  8488 | Lair:1   | Found a hazy altar of Hepliaklqana.
  9173 | Lair:2   | Noticed an eight-headed hydra
  9304 | D:6      | Bought a -1 demon trident for 100 gold pieces
  9428 | Lair:2   | Killed an eight-headed hydra
  9428 | Lair:2   | Reached skill level 1 in Invocations
  9703 | Lair:2   | Received a gift from Okawaru
  9814 | Lair:2   | Reached skill level 1 in Crossbows
 10051 | Lair:2   | Reached skill level 11 in Long Blades
 10063 | Lair:2   | Found a staircase to the Shoals.
 10095 | Lair:2   | Gained mutation: You heal very quickly. [Vine Stalker
                  | growth]
 10095 | Lair:2   | Reached XP level 12. HP: 45/63 MP: 13/13
 10517 | Lair:3   | Received a gift from Okawaru
 10697 | Lair:3   | Noticed Gastronok
 10712 | Lair:3   | Killed Gastronok
 10731 | Lair:3   | Noticed Rupert
 10744 | Lair:3   | Killed Rupert
 10744 | Lair:3   | Received a gift from Okawaru
 10798 | Lair:3   | Reached skill level 5 in Dodging
 10851 | Lair:3   | Noticed a six-headed hydra
 10859 | Lair:3   | Killed a six-headed hydra
 10859 | Lair:3   | Reached skill level 12 in Long Blades
 10859 | Lair:3   | Reached skill level 1 in Polearms
 10952 | Lair:3   | Found a hole to the Spider Nest.
 10965 | Lair:3   | Reached skill level 1 in Evocations
 11402 | Lair:4   | Found a dark tunnel.
 11409 | Volcano  | Entered a volcano
 11437 | Volcano  | Noticed a stone giant
 11451 | Volcano  | Killed a stone giant
 11454 | Volcano  | Reached XP level 13. HP: 53/69 MP: 14/14
 11536 | Volcano  | Killed from afar by an efreet

Skill      XL: |  1  2  3  4  5  6  7  8  9 10 11 12 |
---------------+-------------------------------------+-----
Shields        | 3 4 6 7 8 9 |  9.1
Long Blades    | 2 3 4 5 7 8 10 11 12 | 12.1
Fighting       | 3 4 5 6 7 8 |  8.5
Armour         | 3 4 5 6 7 |  7.2
Dodging        | 1 2 3 4 5 |  5.0
Stealth        | 1 2 3 |  3.3
Invocations    | 1 |  1.1
Crossbows      | 2 |  2.0
Polearms       | 1 |  1.5
Evocations     | 1 |  1.3

Action                   |  1- 3 |  4- 6 |  7- 9 | 10-12 | 13-15 || total
-------------------------+-------+-------+-------+-------+-------++-------
Melee: Long sword        |    78 |   244 |   270 |    54 |    24 ||   670
       Bite              |    14 |    64 |   156 |   269 |     9 ||   512
       Falchion          |       |       |   128 |   312 |       ||   440
       Scimitar          |       |       |       |   150 |       ||   150
       Demon trident     |       |       |       |    13 |       ||    13
 Fire: Hand crossbow     |       |       |       |    11 |       ||    11
Invok: Heroism           |       |       |       |     7 |     2 ||     9
 Abil: Evoke Berserk Rag |       |       |       |     1 |       ||     1
Evoke: Wand              |       |       |       |     5 |       ||     5
  Use: Scroll            |       |    10 |     3 |    13 |       ||    26
       Potion            |       |       |       |     3 |       ||     3
 Stab: Paralysed         |       |     1 |       |       |       ||     1
       Distracted        |       |       |     1 |     1 |       ||     2
  Eat: Chunk             |       |     7 |     8 |    15 |       ||    30
       Ration            |       |       |     1 |     1 |       ||     2
Armor: Scale mail        |    20 |       |       |    99 |       ||   119
       Ring mail         |    16 |   130 |   107 |    17 |       ||   270
Dodge: Dodged            |    25 |    77 |   144 |   172 |     6 ||   424
Block: Shield            |    36 |   141 |   186 |   251 |     6 ||   620
       Rpst.: Long sword |     9 |    26 |    26 |     7 |     1 ||    69
       Falchion          |       |       |    10 |    23 |       ||    33
       Scimitar          |       |       |       |    13 |       ||    13
